 Dungeon Crawl Stone Soup version 0.18.1-1-g2f07953 (webtiles) character file.

868 HungrySpirit the Basher (level 8, -7/70 HPs)
             Began as an Ogre Arcane Marksman on May 6, 2016.
             Mangled by a gnoll
             ... wielding a +0 spear
              (9 damage)
             ... on level 6 of the Dungeon.
             The game lasted 00:09:41 (6455 turns).

HungrySpirit the Basher (Ogre Arcane Marksman)      Turns: 6455, Time: 00:09:42

Health: -7/70      AC:  3    Str: 24    XL:     8   Next: 3%
Magic:  9/9        EV: 10    Int: 12    God:
Gold:   286        SH:  0    Dex:  9    Spells: 0 memorised, 9 levels left

rFire  . . .     SeeInvis .     e - +5 whip
rCold  . . .     Gourm    .     z - +0 robe
rNeg   . . .     Faith    .     (no shield)
rPois  .         Spirit   .     (helmet restricted)
rElec  .         Dismiss  .     (no cloak)
rCorr  .         Reflect  .     (gloves unavailable)
SustAt +         Harm     .     (boots unavailable)
MR     .....                    (no amulet)
Stlth  +.........               u - ring of sustain attributes
                                i - ring of flight

@: mighty, not resistant to hostile enchantments, very unstealthy
A: unfitting armour, tough skin 1
a: Evoke Flight


You were on level 6 of the Dungeon.
You were not hungry.

You visited 2 branches of the dungeon, and saw 7 of its levels.

You collected 286 gold pieces.

Inventory:

Hand Weapons
 e - a +5 whip (weapon)
 h - a +0 giant spiked club
 j - a +0 giant club
Missiles
 c - a large rock (quivered)
 d - 2 throwing nets
Armour
 z - a +0 robe (worn)
Jewellery
 i - a ring of flight (left hand)
 r - an uncursed ring of poison resistance {unknown}
 u - a ring of sustain attributes (right hand)
 A - an uncursed ring of magical power {unknown}
Wands
 q - a wand of lightning (0/15)
Scrolls
 m - a scroll of amnesia
 o - a scroll of remove curse
 s - 2 scrolls of identify
 x - a scroll of enchant weapon
Potions
 a - a potion of resistance {unknown}
 l - a potion of agility {unknown}
 n - a potion of invisibility {unknown}
 p - 4 potions of might
 t - a potion of heal wounds {unknown}
 w - a potion of ambrosia {unknown}
Comestibles
 f - 5 bread rations
 g - 2 royal jellies
 k - 2 meat rations


   Skills:
 - Level 1.3 Fighting
 + Level 11.2 Maces & Flails
 - Level 2.0 Throwing
 - Level 1.7 Dodging
 - Level 1.2 Spellcasting
   Level 2.1 Hexes


You had 9 spell levels left.
You didn't know any spells.

Dungeon Overview and Level Annotations

Branches:
Dungeon (6/15)             Temple (1/1) D:6

Altars:
Dithmenos
Fedhas
Gozag
Kikubaaqudgha
Makhleb
Nemelex Xobeh
Pakellas
Qazlal
Vehumet
Yredelemnul
The Shining One

Shops:
D:4 }


Innate Abilities, Weirdness & Mutations

You are too large for most types of armour.
You have tough skin (AC +1).


Message History

The gnoll hits you from afar with a halberd of freezing.
* * * LOW HITPOINT WARNING * * *
The gnoll freezes you.
* * * LOW HITPOINT WARNING * * *
The gnoll hits you from afar with a spear.
* * * LOW HITPOINT WARNING * * *
There is a stone staircase leading down here.
The gnoll hits you from afar with a spear.
* * * LOW HITPOINT WARNING * * *
Read which item? (? for menu, Esc to quit)
Okay, then.
Drink which item? (? for menu, Esc to quit)
Okay, then.
The gnoll hits you from afar with a spear.
* * * LOW HITPOINT WARNING * * *
Drink which item? (? for menu, Esc to quit)
It was a potion of might.
You feel very mighty all of a sudden.
The gnoll hits you from afar with a spear!
You die...

#.##.# ..##.# .....# ##
### #.##.# .. ..# #(##.# .
#.# #.##.# #.#.# #.##.#
#####.#.#######.##.#######
.............@.gg/(.......
......#.###.######(#######
......#.# #.# #.#
#####...#.# #.# #.#
#.........# #.# ##.##
#.........# #.# #..g#
..........# #.# #...#
..........# #.# #...#
..........# #.# #...#


You could see 2 gnolls.

Vanquished Creatures
  The ghost of epen the Ruffian, an amateur DrTm (D:4)
  Edmund (D:5)
  2 ogres
  2 hounds
  A crimson imp (D:5)
  A gnoll shaman (D:6)
  An orc priest (D:5)
  2 iguanas (D:5)
  2 hound skeletons (D:5)
  4 gnolls
  7 adders
  2 oozes (D:4)
  An adder zombie (D:4)
  3 worms
  2 dart slugs (D:1)
  2 giant geckos (D:5)
  13 orcs
  3 ball pythons
  6 giant cockroaches
  6 goblins
  6 hobgoblins
  7 jackals (D:3)
  2 quokkas
  9 bats
  A giant newt (D:6)
  A jackal zombie (D:5)
  5 kobolds
  8 rats
101 creatures vanquished.

Notes
Turn   | Place    | Note
--------------------------------------------------------------
     0 | D:1      | HungrySpirit the Ogre Arcane Marksman began the quest for the Orb.
     0 | D:1      | Reached XP level 1. HP: 19/19 MP: 2/2
    21 | D:1      | Reached skill level 1 in Maces & Flails
   181 | D:1      | You fall through a shaft!
   236 | D:1      | Reached skill level 2 in Maces & Flails
   236 | D:1      | Reached XP level 2. HP: 20/27 MP: 3/3
   494 | D:1      | Reached skill level 3 in Maces & Flails
   985 | D:2      | Reached XP level 3. HP: 33/33 MP: 4/4
  1292 | D:2      | Found a glowing golden altar of the Shining One.
  1299 | D:2      | Found a basalt altar of Yredelemnul.
  1405 | D:2      | Reached skill level 4 in Maces & Flails
  1875 | D:2      | Reached XP level 4. HP: 35/41 MP: 5/5
  2048 | D:2      | Found a blossoming altar of Fedhas.
  2062 | D:2      | Reached skill level 5 in Maces & Flails
  2276 | D:2      | Noticed an angel
  3095 | D:4      | Reached XP level 5. HP: 33/48 MP: 6/6
  3115 | D:4      | Reached skill level 6 in Maces & Flails
  3553 | D:4      | Noticed epen's ghost (amateur DrTm)
  3559 | D:4      | Noticed an ogre
  3836 | D:4      | Killed an ogre
  3836 | D:4      | Reached skill level 7 in Maces & Flails
  3836 | D:4      | Reached XP level 6. HP: 55/55 MP: 7/7
  3878 | D:4      | Killed epen's ghost
  3878 | D:4      | Reached skill level 8 in Maces & Flails
  4174 | D:4      | Found an oddly glowing altar of Pakellas.
  4174 | D:4      | Found Pakellas's Prime Provisions.
  4358 | D:4      | Found an oddly glowing altar of Pakellas.
  4399 | D:5      | Entered Level 5 of the Dungeon
  4441 | D:5      | Reached skill level 9 in Maces & Flails
  4445 | D:5      | Noticed an ice beast
  4458 | D:5      | Reached XP level 7. HP: 62/62 MP: 8/8
  5231 | D:5      | Found an ancient bone altar of Kikubaaqudgha.
  5236 | D:5      | Noticed Edmund
  5272 | D:5      | Killed Edmund
  5272 | D:5      | Reached skill level 10 in Maces & Flails
  5775 | D:5      | Reached skill level 11 in Maces & Flails
  6274 | D:6      | Found a staircase to the Ecumenical Temple.
  6311 | Temple   | Entered the Ecumenical Temple
  6444 | D:6      | Reached XP level 8. HP: 39/70 MP: 9/9
  6454 | D:6      | HP: 2/70 [gnoll/spear (5)]
  6455 | D:6      | Mangled by a gnoll

Skill      XL: |  1  2  3  4  5  6  7 |
---------------+----------------------+-----
Maces & Flails | 2 3 4 5 7 9 11 | 11.2
Fighting       | |  1.3
Throwing       | |  2.0
Dodging        | |  1.7
Spellcasting   | |  1.2
Hexes          | |  2.1

Action                   |  1- 3 |  4- 6 |  7- 9 || total
-------------------------+-------+-------+-------++-------
Melee: Whip              |   111 |   152 |   129 ||   392
Throw: Large rock        |       |     5 |    13 ||    18
Evoke: Wand              |       |     8 |       ||     8
  Use: Scroll            |       |    13 |     1 ||    14
       Potion            |       |     1 |     3 ||     4
  Eat: Chunk             |     3 |     9 |     5 ||    17
       Beef jerky        |       |       |     1 ||     1
Armor: Robe              |    46 |    37 |    15 ||    98
Dodge: Dodged            |    59 |    63 |    41 ||   163
